 Dungeon Crawl Stone Soup version 0.31-a0-705-ga145531891 (webtiles) character file.

Game seed: 12535843521680291325

98 randomguy2701 the Chopper (level 4, -6/41 HPs)
             Began as a Hill Orc Fighter on Sept 9, 2023.
             Mangled by Edmund
             ... wielding a +4 heavy flail
              (9 damage)
             ... on level 4 of the Dungeon.
             The game lasted 00:01:44 (2324 turns).

randomguy2701 the Chopper (Hill Orc Fighter)        Turns: 2324, Time: 00:01:44

Health: -6/41      AC: 15    Str: 18    XL:     4   Next: 69%
Magic:  4/4        EV:  5    Int:  8    God:
Gold:   151        SH:  4    Dex: 12    Spells: 3/3 levels left

rFire   . . .        a - +0 war axe
rCold   . . .        c - +0 buckler
rNeg    . . .        j - +0 plate armour
rPois   .            (no helmet)
rElec   .            (no cloak)
rCorr   .            (no gloves)
SInv    .            (no boots)
Will    .....        (no amulet) Stlth
                     g - +4 ring of protection
HPRegen 0.26/turn    (no ring)
MPRegen 0.09/turn

%: no passive effects
@: no status effects
A: no striking features
a: no special abilities


You were on level 4 of the Dungeon.
You visited 1 branch of the dungeon, and saw 4 of its levels.

You collected 151 gold pieces.

Inventory:

Hand Weapons
 a - a +0 war axe (weapon)
Armour
 c - a +0 buckler (worn)
 j - a +0 plate armour (worn)
Jewellery
 g - a +4 ring of protection (left hand)
Scrolls
 e - 2 scrolls of identify {unknown}
 f - 2 scrolls of fog {unknown}
 h - a scroll of revelation {unknown}
 i - 2 scrolls of fear {unknown}
 k - 4 scrolls of teleportation {unknown}
 o - a scroll of blinking {unknown}
 p - a scroll of immolation {unknown}
 q - a scroll of enchant weapon {unknown}
 r - a scroll of amnesia {unknown}
 s - a scroll of vulnerability {unknown}
Potions
 b - a potion of haste {unknown}
 d - a potion of might
 l - a potion of berserk rage {unknown}
 m - a potion of curing {unknown}
 n - 2 potions of magic {unknown}
 t - 2 potions of lignification {unknown}


   Skills:
 + Level 4.3 Fighting
 + Level 4.4 Axes
 + Level 4.1 Armour
 + Level 0.1 Stealth
 + Level 3.5 Shields


You had 3 spell levels left.
You didn't know any spells.
Your spell library was empty.

Dungeon Overview and Level Annotations

Branches:
Dungeon (4/15)
 Temple: D:4-7

Altars:

Annotations:
D:4 Edmund


Message History

The endoplasm quivers.
You block Edmund's attack.
You hit Edmund.
Edmund is lightly wounded.
Edmund hits you with a +4 heavy flail!
You slash Edmund!
Edmund is moderately wounded.
Edmund hits you with a +4 heavy flail!
You closely miss Edmund.
Edmund is moderately wounded.
Edmund hits you but does no damage.
You hit Edmund but do no damage.
Edmund is moderately wounded.
You slash the endoplasm!
You kill the endoplasm!
You block Edmund's attack.
You slash Edmund!
Edmund is heavily wounded.
Edmund hits you but does no damage.
You closely miss Edmund.
Edmund is heavily wounded.
You hit Edmund.
Edmund is heavily wounded.
Edmund says, "People accused me of being a cutpurse!"
Edmund hits you with a +4 heavy flail!
You are too injured to fight recklessly!
You are too injured to fight recklessly!
You are too injured to fight recklessly!
You are too injured to fight recklessly!
You are too injured to fight recklessly!
You are too injured to fight recklessly!
You hit Edmund.
Edmund is heavily wounded.
Edmund hits you with a +4 heavy flail!
* * * LOW HITPOINT WARNING * * *
You hit Edmund.
Edmund is severely wounded.
Edmund hits you with a +4 heavy flail!
You die...
Edmund says, "That'll show my brother!"

..# #...# #...#
..# ##...#
#...##### ..##
#....#
##......##..#
#..## ##...##
###........#
#...####...##
##.........##
##.........#
##..........#
###.......##
#............# .
###.....#
##...!........# .
#######
#...@.........#
#...@.........#
..........>.......
..................
.................
####....[.......
##..........
#..........


You could see Edmund.

Vanquished Creatures
  An iguana (D:4)
  2 adders
  A worm (D:2)
  2 dart slugs
  3 orcs (D:3)
  4 ball pythons
  5 bats
  6 endoplasms
  3 giant cockroaches
  A goblin (D:3)
  2 hobgoblins (D:3)
  5 quokkas
  3 frilled lizards
  A kobold (D:2)
  A rat (D:1)
40 creatures vanquished.

Notes
Turn   | Place    | Note
-------+----------+-------------------------------------------
     0 | D:1      | randomguy2701 the Hill Orc Fighter began the quest for the
                  | Orb.
     0 | D:1      | Reached XP level 1. HP: 19/19 MP: 1/1
   166 | D:1      | Reached XP level 2. HP: 27/27 MP: 2/2
  1184 | D:2      | Reached XP level 3. HP: 33/33 MP: 3/3
  1507 | D:3      | Found a faded altar of an unknown god.
  1919 | D:3      | Reached XP level 4. HP: 40/40 MP: 4/4
  2312 | D:4      | Noticed Edmund
  2324 | D:4      | Mangled by Edmund

Illustrated notes

Levels and vault maps discovered:
D:1:      eino_arrival_water_cross, layout_loops_corners
D:2:      layout_loops_ring
D:3:      layout_basic, basic_ecumenical_altar
D:4:      layout_layer_cave, grunt_decor_fettered, minmay_misc_feat_iff,
          uniq_edmund

Skill      XL: |  1  2  3  4 |
---------------+-------------+-----
Axes           | 3 4 |  4.4
Fighting       | 4 |  4.3
Armour         | 4 |  4.1
Stealth        | |  0.1
Shields        | |  3.5

Action                     |  1- 3 |  4- 6 || total
---------------------------+-------+-------++-------
  Melee: War axe           |    86 |    34 ||   120
 Armour: Scale mail        |    20 |       ||    20
         Plate armour      |    46 |    30 ||    76
  Dodge: Dodged            |    27 |     6 ||    33
  Block: Buckler           |    18 |     5 ||    23

Table legend: (Time is in decaauts)
 A = Elapsed time spent in this place.
 B = Non-inter-level travel time spent in this place.
 C = Inter-level travel time spent in this place.
 D = Time resting spent in this place.
 E = Time spent auto-exploring this place.
 F = Levels seen in this place.
 G = Mean time per level.
                   A        B        C        D        E       F      G
               +--------+--------+--------+--------+--------+-----+--------+
         Total |   2365 |   2232 |    133 |      0 |   1894 |   4 |  591.2 |
       Dungeon |   2365 |   2232 |    133 |      0 |   1894 |   4 |  591.2 |
               +--------+--------+--------+--------+--------+-----+--------+

Top non-repeatable levels by time:
     D:1: 843 daAuts
     D:3: 813 daAuts
     D:2: 643 daAuts
     D:4: 66 daAuts
